 Dungeon Crawl Stone Soup version 0.28.0 (webtiles) character file.

Game seed: 5315698279898409372

171 oldriver the Vandal (level 5, 0/43 HPs)
             Began as a Formicid Hunter on Feb 17, 2022.
             Slain by Ijyb (4 damage)
             ... on level 3 of the Dungeon.
             The game lasted 00:03:46 (2925 turns).

oldriver the Vandal (Formicid Hunter)               Turns: 2925, Time: 00:03:47

Health: 0/43       AC:  3    Str: 19    XL:     5   Next: 81%
Magic:  14/14      EV: 11    Int: 10    God:
Gold:   122        SH:  0    Dex: 11    Spells: 4/4 levels left

rFire   . . .      SeeInvis +   a - +1 hunting sling
rCold   . . .      Faith    .   (no shield)
rNeg    . . .      Spirit   .   c - +0 leather armour
rPois   .          Reflect  .   (helmet unavailable)
rElec   .          Harm     .   (no cloak)
rCorr   .          Rampage  .   (no gloves)
Will    .....                   (no boots)
Stlth   +.........              (no amulet)
HPRegen 0.14/turn               g - ring of magical power
MPRegen 0.14/turn               (no ring)

@: no status effects
A: permanent stasis, dig shafts and tunnels, antennae 3, four strong arms
a: Dig, Shaft Self


You were on level 3 of the Dungeon.
You visited 1 branch of the dungeon, and saw 4 of its levels.

You collected 122 gold pieces.

Inventory:

Hand Weapons
 a - a +1 hunting sling (weapon)
 b - a +0 short sword
Missiles
 d - 23 sling bullets
 e - 141 stones (quivered ammo)
Armour
 c - a +0 leather armour (worn)
Jewellery
 g - a ring of magical power (left hand)
Potions
 n - a potion of resistance


   Skills:
 + Level 4.5 Fighting
 + Level 6.0 Slings
 - Level 1.7 Dodging
 - Level 1.2 Stealth


You had 4 spell levels left.
You didn't know any spells.
Your spell library was empty.

Dungeon Overview and Level Annotations

Branches:
Dungeon (4/15)
 Temple: D:4-7

Altars:
Sif Muna

Shops:
D:2 *[?   D:3 !

Annotations:
D:3 Ijyb


Innate Abilities, Weirdness & Mutations

You cannot be hasted, slowed, berserked, paralysed or teleported.
You can dig through walls and to a lower floor.
You have a pair of large antennae on your head. (SInv)
Your four strong arms can wield two-handed weapons with a shield.


Message History

You climb upwards.
There is a stone staircase leading down here.
You shoot a stone. The stone hits Ijyb.
Ijyb is lightly wounded.
Ijyb hits you with a +0 dagger.
You shoot a stone. The stone hits Ijyb but does no damage.
Ijyb is lightly wounded.
Ijyb hits you with a +0 dagger.
You shoot a stone. The stone closely misses Ijyb.
Ijyb zaps a wand.
The bolt of acid hits you!!
Ouch! That really hurt!
* * * LOW HITPOINT WARNING * * *
You are too injured to fight recklessly!
You are too injured to fight recklessly!
You are too injured to fight recklessly!
You are too injured to fight recklessly!
You are too injured to fight recklessly!
You are too injured to fight recklessly!
You are too injured to fight recklessly!
You are too injured to fight recklessly!
You are too injured to fight recklessly!
You are too injured to fight recklessly!
Press: ? - help, v - describe, . - travel, g - get item
Here: Ijyb, wielding a +0 dagger, wearing a +0 leather armour and carrying a wand of acid (4) (lightly wounded)
Items here: a stone; a +0 leather armour; a +0 hand axe.
The floor.
Unknown command.
You aren't carrying any items that you can evoke.
You aren't carrying any scrolls.
It was a potion of magic.
Magic courses through your body. Ijyb hits you with a +0 dagger.
* * * LOW HITPOINT WARNING * * *
Fire: 24 sling bullets
Press: ? - help, Shift-Dir - straight line, f/p - Ijyb
Aim: Ijyb, wielding a +0 dagger, wearing a +0 leather armour and carrying a wand of acid (4) (lightly wounded, 56% to hit)
You shoot a sling bullet.
The sling bullet hits Ijyb but does no damage.
Ijyb is lightly wounded.
Ijyb hits you with a +0 dagger.
You die...

.....########'## #.#...#.#
#.##.......##.#### #.......#
#.##.#####.#....(# #.......#
#.##.# #.#..##.# #.......#
#.##.#####.#...#.# #.#...#.#
#.##.##..........# #.##.##.#
#.......##.#...#.# #.......#
####.#####.#...#g########.####
#.......#....@.........#
#########.....########## ##.####
#########.##### #.............#
## #.#####.#.###.# ยง# #.# #.#.#
#.# .## #.#####.#.###.#######
..###.#.................########


You could see Ijyb.

Vanquished Creatures
  Natasha (thrice) (D:3)
  3 adders
  A worm (D:3)
  4 dart slugs
  An orc (D:3)
  3 endoplasms
  6 goblins
  7 hobgoblins
  2 jackals (D:1)
  A quokka (D:2)
  7 ball pythons
  8 bats
  2 frilled lizards (D:1)
  5 kobolds
  6 rats
59 creatures vanquished.

Notes
Turn   | Place    | Note
-------+----------+-------------------------------------------
     0 | D:1      | oldriver the Formicid Hunter began the quest for the Orb.
     0 | D:1      | Reached XP level 1. HP: 16/16 MP: 1/1
    49 | D:1      | Reached XP level 2. HP: 23/23 MP: 2/2
   187 | D:1      | Reached XP level 3. HP: 28/28 MP: 3/3
   387 | D:1      | Reached skill level 5 in Slings
   588 | D:2      | Found Qaicues's General Store.
   632 | D:2      | Found a faded altar of an unknown god.
   669 | D:2      | Reached XP level 4. HP: 35/35 MP: 4/4
   787 | D:2      | Found Pierie's Magic Scroll Emporium.
   818 | D:2      | Found Kalirgh's Antique Armour Shop.
  1500 | D:3      | Noticed Natasha
  1511 | D:3      | Killed Natasha
  1562 | D:3      | Noticed Natasha
  1573 | D:3      | Killed Natasha
  1574 | D:3      | Reached XP level 5. HP: 7/42 MP: 5/5
  1892 | D:3      | Found a shimmering blue altar of Sif Muna.
  2163 | D:3      | Noticed Natasha
  2172 | D:3      | Killed Natasha
  2369 | D:3      | Found Byrurchiw's Distillery.
  2373 | D:3      | Reached skill level 6 in Slings
  2911 | D:4      | Noticed Ijyb
  2925 | D:3      | Slain by Ijyb

Illustrated notes

Levels and vault maps discovered:
D:1:      lemuel_arrival_lava_pool, layout_rooms
D:2:      wad_crossroads, layout_rooms, serial_shops, nicolae_shop_behind_doors,
          nicolae_lakefront_shop, shop, hellmonk_ecumenical_altar_lost_god
D:3:      layout_loops_corners, nicolae_sif_muna_condensation, serial_shops,
          nicolae_shop_stone, uniq_natasha
D:4:      layout_layer_cave, nicolae_overflow_hidden_temple, serial_shops,
          nicolae_stop_n_shop_2, shop, kennysheep_little_box, shop,
          dk_noncrumbling_2, nicolae_shop_overcharged_wands, uniq_ijyb

Skill      XL: |  1  2  3  4  5 |
---------------+----------------+-----
Fighting       | 3 4 |  4.5
Slings         | 5 6 |  6.0
Dodging        | |  1.7
Stealth        | |  1.2

Action                   |  1- 3 |  4- 6 || total
-------------------------+-------+-------++-------
 Fire: Hunting sling     |    70 |   113 ||   183
  Use: Scroll            |       |     6 ||     6
       Potion            |       |     2 ||     2
Armor: Leather armour    |       |     2 ||     2
Dodge: Dodged            |     2 |    22 ||    24
